 Dungeon Crawl Stone Soup version 0.20.0-7-g3b7b877 (webtiles) character file.

35 SedStubbie the Sneak (level 3, -1/21 HPs)
             Began as an Octopode Conjurer on May 29, 2017.
             Slain by an ooze (3 damage)
             ... on level 2 of the Dungeon.
             The game lasted 00:05:44 (1740 turns).

SedStubbie the Sneak (Octopode Conjurer)            Turns: 1740, Time: 00:05:45

Health: -1/21      AC:  1    Str:  7    XL:     3   Next: 35%
Magic:  5/6        EV: 13    Int: 18    God:
Gold:   40         SH:  0    Dex: 12    Spells: 5/6 levels left

rFire    . . .     SeeInvis .   l - -2 hand axe (curse)
rCold    . . .     Gourm    .   (no shield)
rNeg     . . .     Faith    .   (helmet restricted)
rPois    .         Spirit   .   (no amulet)
rElec    .         Reflect  .   (no ring)
rCorr    .         Harm     .   (no ring)
MR       .....                  (no ring)
Stlth    ++++......             (no ring)
Regen    0.1/turn               (no ring)
MPRegen  0.1/turn               (no ring)
                                (no ring)
                                (no ring)

@: no status effects
A: almost no armour, stealthy swim, amphibious, 8 rings, constrict 8, camouflage
1, gelatinous body 1
a: no special abilities


You were on level 2 of the Dungeon.
You were not hungry.

You visited 1 branch of the dungeon, and saw 2 of its levels.

You collected 40 gold pieces.

Inventory:

Hand Weapons
 l - a cursed -2 hand axe (weapon)
Scrolls
 R - 3 scrolls of identify
 T - a scroll of teleportation
Potions
 d - 3 potions of curing {unknown}
 e - a potion of heal wounds {unknown}
 f - a potion of might {unknown}
 g - a potion of lignification {unknown}
Books
 a - a book of Conjurations

   Spells                             Type                      Level
   a - Magic Dart                     Conjuration                  1
   b - Searing Ray                    Conjuration                  2
   c - Dazzling Spray                 Conjuration/Hexes            3
   d - Fulminant Prism                Conjuration/Hexes            4
   e - Force Lance                    Conjuration/Translocation    4
   f - Iskenderun's Mystic Blast      Conjuration                  4
Comestibles
 b - a bread ration
 h - a royal jelly


   Skills:
 - Level 2.0 Dodging
 + Level 5.2 Stealth
 - Level 2.0 Spellcasting
 - Level 4.0 Conjurations


You had 5 spell levels left.
You knew the following spells:

 Your Spells              Type           Power        Failure   Level  Hunger
a - Magic Dart            Conj           ###.         3%          1    #......


Dungeon Overview and Level Annotations

Branches:
Dungeon (2/15)

Altars:


Innate Abilities, Weirdness & Mutations

You cannot wear most types of armour.
You are very stealthy in the water. (Stealth+)
You are amphibious.
You can wear up to eight rings at the same time.
You can use your tentacles to constrict eight enemies at once.
Your skin changes colour to match your surroundings (Stealth+).
Your rubbery body absorbs attacks. (AC +1, EV +1)


Message History

The ooze is lightly wounded.
The ooze hits you.
You hit the ooze but do no damage.
The ooze is lightly wounded.
The ooze hits you.
* * * LOW HITPOINT WARNING * * *
You hit the ooze.
The ooze is heavily wounded.
The ooze hits you.
* * * LOW HITPOINT WARNING * * *
The ooze completely misses you.
Casting: Magic Dart
Confirm with . or Enter, or press ? or * to list all spells.
Aiming: Magic Dart
Press: ? - help, Shift-Dir - straight line, f - ooze
Aim: an ooze (heavily wounded)
The magic dart hits the ooze.
The ooze is severely wounded.
The ooze hits you.
You die...

#.....##'#.# ........
......#....# ##......
#...
.##+###....#.##.....
.###... .##.#
#............ ..#... ###
.##.###...#####...#
..... ..
.#.....#.###......#
#...#.#
....##.#...#.###..#
#.....#
..................#
#.....#
>......#.#.#.###@## #..#
.......#.....$..J.......
#..#
..>....#.###.##..###....
#..# ####+#.#.. ..##..#
.. #..# ####.#.#.#
####.## #..# .....# #.
.. #..# .#.... .. #..#
.+ .. ... #..# .# #†.#


You could see an ooze.

Vanquished Creatures
  An ooze (D:1)
  A dart slug (D:1)
  2 giant cockroaches (D:1)
  A goblin (D:1)
  10 hobgoblins
  3 ball pythons (D:1)
  A bat (D:1)
  3 frilled lizards
  A kobold (D:1)
  6 rats
29 creatures vanquished.

Notes
Turn   | Place    | Note
-------+----------+-------------------------------------------
     0 | D:1      | SedStubbie the Octopode Conjurer began the quest for the Orb.
     0 | D:1      | Reached XP level 1. HP: 11/11 MP: 3/3
    67 | D:1      | Reached skill level 3 in Stealth
   324 | D:1      | Reached XP level 2. HP: 13/17 MP: 5/5
   398 | D:1      | Reached skill level 4 in Stealth
   930 | D:1      | Reached XP level 3. HP: 12/21 MP: 4/6
  1099 | D:1      | Reached skill level 5 in Stealth
  1740 | D:2      | Slain by an ooze

Skill      XL: |  1  2  3 |
---------------+----------+-----
Stealth        | 3 4 5 |  5.2
Dodging        | |  2.0
Spellcasting   | |  2.0
Conjurations   | |  4.0

Action                   || total
-------------------------++-------
Melee: Unarmed           ||    91
       Tentacles         ||    20
       Constrict         ||    23
       Hand axe          ||     8
 Cast: Magic Dart        ||     2
  Use: Scroll            ||     2
 Stab: Sleeping          ||    13
  Eat: Chunk             ||     3
Armor: Skin              ||     7
Dodge: Dodged            ||    53
